 Dungeon Crawl Stone Soup version 0.24.0-29-g8ce449bc06 (webtiles) character file.

Game seed: 6959276377016209215, levelgen mode: deterministic

77655 Flugslaktarn the Severer (level 15, -25/126 HPs)
             Began as a Deep Dwarf Fighter on Nov 15, 2019.
             Was the Champion of Makhleb.
             Annihilated by Aizul (40 damage)
             ... on level 2 of the Snake Pit.
             The game lasted 00:16:06 (15732 turns).

Flugslaktarn the Severer (Deep Dwarf Fighter)      Turns: 15732, Time: 00:16:07

Health: -25/126    AC: 31    Str: 25    XL:     15   Next: 15%
Magic:  5/5        EV:  8    Int: 10    God:    Makhleb [******]
Gold:   256        SH:  0    Dex: 21    Spells: 14/14 levels left

rFire    + . .     SeeInvis .   R - +4 broad axe (vamp)
rCold    . . .     Gourm    .   c - +0 shield
rNeg     + . .     Faith    .   a - +2 chain mail {rF+}
rPois    .         Spirit   .   (helmet restricted)
rElec    .         Reflect  .   T - +2 cloak
rCorr    +         Harm     .   (no gloves)
MR       +++..                  b - +0 pair of boots of Meiniy {+Inv Regen+ rCorr Dex+4}
Stlth    ..........             C - amulet "Jieciodd" {+Rage MR+ Dex+5}
HPRegen  0.00/turn              p - +6 ring of protection
MPRegen  0.09/turn              Q - +6 ring of protection

@: lethally poisoned (-25 -> -38), sleeping, non-regenerating
A: damage resistance, heal wounds, antennae 1, frail 1, negative energy
resistance 1, sense surroundings 2, no regeneration
a: Heal Wounds, Minor Destruction, Lesser Servant of Makhleb, Major Destruction,
Greater Servant of Makhleb, Renounce Religion, Evoke Berserk Rage, Evoke
Invisibility


You were on level 2 of the Snake Pit.
You worshipped Makhleb.
Makhleb was exalted by your worship.
You were hungry.

You visited 5 branches of the dungeon, and saw 25 of its levels.
You also visited: Ice Cave and Volcano.

You collected 2062 gold pieces.
You spent 1806 gold pieces at shops.

Inventory:

Hand Weapons
 L - a +3 broad axe
   (You found it on level 9 of the Dungeon)
 R - a +4 vampiric broad axe (weapon)
   (You found it on level 6 of the Lair of Beasts)
Missiles
 K - 4 throwing nets (quivered)
Armour
 a - a +2 chain mail of fire resistance (worn)
   (You found it in a volcano)
 b - the +0 pair of boots of Meiniy (worn) {+Inv Regen+ rCorr Dex+4}
   (You found it on level 4 of the Dungeon)

   It affects your dexterity (+4).
   It lets you turn invisible.
   It increases your rate of regeneration.
   It provides partial protection from all sources of acid and corrosion.
 c - a +0 shield (worn)
 g - a +0 plate armour
   (You found it on level 4 of the Dungeon)
 x - a +2 helmet
   (You found it on level 5 of the Dungeon)
 T - a +2 cloak (worn)
   (You found it on level 2 of the Lair of Beasts)
Jewellery
 i - an uncursed ring of see invisible
   (You found it on level 1 of the Lair of Beasts)
 p - a +6 ring of protection (left hand)
   (You bought it in a shop on level 7 of the Dungeon)
 C - the amulet "Jieciodd" (around neck) {+Rage MR+ Dex+5}
   (You found it on level 7 of the Dungeon)

   [amulet of rage]

   It affects your dexterity (+5).
   It affects your resistance to hostile enchantments.
   It lets you go berserk.
 G - an uncursed ring of magical power {unknown}
   (You found it on level 6 of the Lair of Beasts)
 J - an uncursed ring of ice
   (You found it on level 9 of the Dungeon)
 Q - a +6 ring of protection (right hand)
   (You found it on level 12 of the Dungeon)
 S - the ring of Life {rElec Int+6}
   (You bought it in a shop on level 7 of the Dungeon)

   [ring of intelligence]

   It affects your intelligence (+6).
   It insulates you from electricity.
Wands
 u - a wand of paralysis (9)
   (You found it on level 4 of the Dungeon)
 v - a wand of digging (10)
   (You took it off Edmund on level 5 of the Dungeon)
 H - a wand of clouds (13)
   (You found it on level 8 of the Dungeon)
 N - a wand of enslavement (5)
   (You found it on level 9 of the Dungeon)
Scrolls
 f - 3 scrolls of fear
 m - a scroll of brand weapon {unknown}
 r - 5 scrolls of identify
 t - 11 scrolls of teleportation
 y - a scroll of magic mapping
 A - 14 scrolls of remove curse
 B - 2 scrolls of enchant armour
 M - 2 scrolls of immolation
Potions
 d - 2 potions of might
 h - 2 potions of haste
 k - a potion of flight
 n - 5 potions of resistance
 o - 3 potions of cancellation
 q - 4 potions of curing
 s - 6 potions of agility
 w - a potion of heal wounds
 D - 6 potions of brilliance
 E - 5 potions of ambrosia
 F - 3 potions of invisibility
 I - 3 potions of berserk rage {unknown}
 O - a potion of lignification {unknown}
 P - a potion of magic {unknown}
Miscellaneous
 j - a box of beasts
 z - a sack of spiders
Comestibles
 e - 31 rations


   Skills:
 + Level 10.8 Fighting
 * Level 16.6 Axes
 + Level 12.6 Armour
 + Level 12.5 Shields
 - Level 6.0 Invocations
 + Level 12.7 Evocations


You had 14 spell levels left.
You didn't know any spells.
Your spell library was empty.

Dungeon Overview and Level Annotations

Branches:
Dungeon (14/15)            Temple (1/1) D:4            Lair (6/6) D:10
 Shoals (0/4) Lair:4        Snake (2/4) Lair:3        Slime (0/5) Lair:5
    Orc (2/2) D:12            Elf (0/3) Orc:2         IceCv (visited)
Volcano (visited)
 Vaults: D:13-14

Altars:
Ashenzari
Cheibriados
Dithmenos
Elyvilon
Fedhas
Gozag
Kikubaaqudgha
Makhleb
Nemelex Xobeh
Okawaru
Qazlal
Ru
Trog
Uskayaw
Vehumet
Wu Jian
Xom
Yredelemnul
Zin
The Shining One
Beogh
Jiyva

Shops:
D:7 =   Orc:2 (([:

Annotations:
D:8 1 runed translucent door, Esos's ghost, novice DgIE
Lair:2 exclusion: oklob plant
Lair:6 exclusion: orange crystal statue
Snake:2 Aizul


Innate Abilities, Weirdness & Mutations

You are resistant to damage.
You can heal yourself by infusing magical energy.
You resist negative energy. (rN+)
You passively map the area around you.
You do not regenerate.
You have a pair of small antennae on your head.
You are frail. (-10% HP)


Message History

The poison arrow hits you!!
You are more poisoned.
* * * LOW HITPOINT WARNING * * *
You slash Aizul!
You feel better.
Aizul is almost dead.
* * * LOW HITPOINT WARNING * * *
You feel very sick. You block Aizul's attack.
Aizul coils herself and waves her upper body at you.
You fall asleep.
* * * LOW HITPOINT WARNING * * *
You feel very sick. Aizul hits you but does no damage.
* * * LOW HITPOINT WARNING * * *
You feel very sick. Aizul hits you but does no damage. x2
* * * LOW HITPOINT WARNING * * *
You feel very sick. Aizul hits you!!!
You die...

, , ,,,,, ,,, , ,,,, , ,
,, ...........)., ,, ,, ,
............,,, ,,, , ,,
........... , , , ,
.......... , ,, , ,
.........####### **####**
........##..##.###....#.*
*
#....#......"@S......,,,+
#.)))........)...... , ,
, #.)(#............... *
#.(.#..............., , ,
#...##.........###.., * *
#.(..#........#+ *# ,
#....#........# ,,
#....#........#, , *
##.).##........*


You could see Aizul.

Vanquished Creatures
  Jorgrun (D:14)
  A tengu reaver (D:12)
  A fire giant (D:12)
  A stone giant (Orc:2)
  Nessos (D:14)
  A naga warrior (Snake:2)
  2 hydras
  A catoblepas (Lair:6)
  2 two-headed ogres (D:9)
  6 anacondas (Snake:1)
  A dancing weapon (D:12)
  A deep troll shaman (Lair:6)
  3 death yaks (Lair:6)
  An orc high priest (Orc:2)
  5 naga sharpshooters
  A shock serpent (Snake:2)
  A fire crab (Volcano)
  2 naga ritualists
  4 lindwurms
  A deep elf archer (D:12)
  An orc knight (Orc:1)
  Pikel (D:8)
  3 ugly things
  A deep elf mage (D:12)
  5 mana vipers
  3 salamanders
  2 manticores
  4 orc sorcerers (Orc:2)
  4 cyclopes
  13 black mambas
  3 elephants (Lair:6)
  4 naga magi
  2 gargoyles
  2 guardian serpents
  5 spiny frogs
  2 rime drakes (D:14)
  6 komodo dragons
  2 polar bears
  4 trolls
  A merfolk (D:9)
  8 blink frogs
  4 dream sheep (Lair:3)
  8 slime creatures
  5 hippogriffs
  A shadow (D:12)
  3 wraiths
  3 wyverns
  34 yaks
  Eustachio (D:6)
  10 fire bats (Volcano)
  2 hungry ghosts
  Menkaure (D:5)
  Edmund (D:5)
  3 nagas
  9 water moccasins
  Duvessa (D:4)
  3 hell hounds (Volcano)
  10 porcupines
  26 orc warriors
  4 black bears
  3 necrophages
  4 ice beasts
  A slave (D:8)
  A hornet zombie (D:9)
  5 sky beasts
  2 phantoms
  2 eyes of draining
  7 ogres
  15 wolves
  11 crocodiles
  5 centaurs
  Blork the orc (D:6)
  2 big kobolds
  13 bullfrogs
  A gnoll sergeant (D:9)
  An elf skeleton (D:10)
  A wyvern skeleton (D:13)
  4 scorpions
  Dowan (D:4)
  6 killer bees (D:9)
  3 wights (D:12)
  A howler monkey (D:7)
  5 bullfrog zombies
  2 centaur zombies
  8 jellies
  6 crimson imps
  4 hounds
  2 centaur skeletons
  22 orc priests
  2 bullfrog skeletons
  4 human zombies (D:10)
  38 orc wizards
  3 iguanas
  Ijyb (D:4)
  9 worker ants
  2 ogre zombies (D:10)
  9 gnolls (D:9)
  18 adders
  3 shadow imps
  6 white imps (IceCv)
  3 ufetubi (IceCv)
  An ooze (D:1)
  4 worms
  A dart slug (D:2)
  4 leopard geckos
  84 orcs
  5 bats
  2 giant cockroaches
  5 goblins
  3 hobgoblins (D:2)
  5 jackals
  4 quokkas
  5 frilled lizards
  A jackal skeleton (D:6)
  9 kobolds
  A leopard gecko skeleton (D:8)
  An orc skeleton (D:10)
  4 rats
  2 fungi
620 creatures vanquished.

Vanquished Creatures (collateral kills)
  An ettin (D:12)
  2 hydras
  A black mamba (Lair:2)
  2 dream sheep (Lair:3)
  2 wolves (Lair:2)
  A crocodile (Lair:2)
  A wight (D:10)
  2 fungi
  A plant (Lair:3)
13 creatures vanquished.

Vanquished Creatures (others)
  A slave (D:10)
  A wight (D:10)
  2 orc wizards
  A worker ant (D:8)
  A white imp (IceCv)
  3 ufetubi (IceCv)
  A bush (D:10)
  13 fungi (Lair:6)
  12 plants
35 creatures vanquished.

Grand Total: 668 creatures vanquished

Notes
Turn   | Place    | Note
-------+----------+-------------------------------------------
     0 | D:1      | Flugslaktarn the Deep Dwarf Fighter began the quest for the
                  | Orb.
     0 | D:1      | Reached XP level 1. HP: 20/20 MP: 1/1
   108 | D:2      | Reached XP level 2. HP: 27/27 MP: 2/2
   277 | D:2      | Reached skill level 3 in Axes
   277 | D:2      | Reached XP level 3. HP: 21/34 MP: 3/3
   380 | D:2      | Reached XP level 4. HP: 32/42 MP: 4/4
   523 | D:2      | Found an ornate altar of the Wu Jian Council.
   768 | D:3      | You fall into a shaft and drop 2 floors!
   768 | D:5      | Entered Level 5 of the Dungeon
   780 | D:5      | Reached skill level 4 in Axes
   780 | D:5      | Reached XP level 5. HP: 42/49 MP: 4/4
   890 | D:5      | Reached XP level 6. HP: 29/57 MP: 5/5
   957 | D:5      | Reached skill level 5 in Axes
  1167 | D:4      | Noticed Duvessa
  1167 | D:4      | Noticed Dowan
  1186 | D:4      | Killed Dowan
  1197 | D:4      | Killed Duvessa
  1197 | D:4      | Reached XP level 7. HP: 35/64 MP: 5/5
  1264 | D:4      | Noticed a +0 hand axe
  1264 | D:4      | Noticed a +0 hand axe
  1268 | D:4      | Reached skill level 5 in Armour
  1301 | D:4      | Got a pair of crude boots
  1307 | D:4      | Identified the cursed +0 pair of boots of Meiniy {+Inv
                  | Regen+ rCorr Dex+4} (You found it on level 4 of the
                  | Dungeon)
  1338 | D:4      | Found a hide-covered altar of Uskayaw.
  1422 | D:4      | Reached skill level 5 in Shields
  1505 | D:4      | Found a staircase to the Ecumenical Temple.
  1546 | D:4      | Noticed Ijyb
  1575 | D:4      | Killed Ijyb
  1607 | Temple   | Entered the Ecumenical Temple
  2306 | D:4      | Reached skill level 6 in Axes
  2592 | D:5      | Noticed Menkaure
  2602 | D:5      | Killed Menkaure
  2702 | D:5      | Reached XP level 8. HP: 55/73 MP: 4/4
  3058 | D:6      | Reached skill level 7 in Axes
  3111 | D:6      | Noticed Blork the orc
  3129 | D:6      | Killed Blork the orc
  3129 | D:6      | Reached skill level 5 in Fighting
  3225 | D:6      | Noticed Edmund
  3277 | D:5      | Killed Edmund
  3277 | D:5      | Reached skill level 8 in Axes
  3308 | D:6      | Gained mutation: You passively map the area around you.
                  | [Deep Dwarf growth]
  3308 | D:6      | Reached XP level 9. HP: 37/81 MP: 2/2
  3515 | D:6      | Noticed Eustachio
  3528 | D:6      | Killed Eustachio
  3528 | D:6      | Reached skill level 1 in Evocations
  3809 | D:7      | Got a flickering ivory amulet
  3834 | D:7      | Found Qocuad's Jewellery Boutique.
  3985 | D:7      | Reached skill level 9 in Axes
  3993 | D:7      | Found a burning altar of Makhleb.
  4003 | D:7      | Became a worshipper of Makhleb the Destroyer
  4134 | D:7      | Reached skill level 1 in Invocations
  4814 | D:8      | Reached XP level 10. HP: 63/91 MP: 0/4
  5067 | D:9      | Reached * piety under Makhleb
  5070 | D:9      | Reached skill level 10 in Axes
  5085 | D:9      | Noticed a two-headed ogre
  5098 | D:9      | Killed a two-headed ogre
  5243 | D:9      | Reached skill level 5 in Evocations
  5342 | D:9      | Noticed a two-headed ogre
  5363 | D:9      | Killed a two-headed ogre
  5384 | D:9      | Reached skill level 5 in Invocations
  5721 | D:9      | Reached ** piety under Makhleb
  5913 | D:10     | Entered Level 10 of the Dungeon
  6055 | D:8      | Noticed Pikel
  6072 | D:8      | Killed Pikel
  6072 | D:8      | Reached skill level 11 in Axes
  6072 | D:8      | Reached XP level 11. HP: 36/100 MP: 2/2
  6173 | D:8      | Found a runed translucent door.
  6174 | D:8      | Noticed Esos's ghost (novice DgIE)
  6767 | D:10     | Reached *** piety under Makhleb
  6791 | D:10     | Found a staircase to the Lair.
  7325 | D:10     | Reached **** piety under Makhleb
  7344 | D:10     | Found an ancient bone altar of Kikubaaqudgha.
  7558 | Lair:1   | Entered Level 1 of the Lair of Beasts
  7574 | D:10     | Identified the amulet "Jieciodd" {+Rage MR+ Dex+5} (You
                  | found it on level 7 of the Dungeon)
  7679 | Lair:1   | Reached skill level 12 in Axes
  7971 | Lair:1   | Found a sacrificial altar of Ru.
  8500 | Lair:2   | Noticed an oklob plant
  8536 | Lair:2   | Noticed a four-headed hydra
  8560 | Lair:2   | Killed a four-headed hydra
  8560 | Lair:2   | Reached XP level 12. HP: 61/110 MP: 2/2
  8658 | Lair:2   | Gained mutation: You are frail. (-10% HP) [potion of
                  | mutation]
  8658 | Lair:2   | Gained mutation: You have a pair of small antennae on your
                  | head. [potion of mutation]
  9188 | Lair:3   | Found a staircase to the Snake Pit.
  9227 | Lair:3   | Found a dark tunnel.
  9245 | Volcano  | Entered a volcano
  9382 | Volcano  | Reached skill level 13 in Axes
  9382 | Volcano  | Reached skill level 10 in Armour
  9394 | Volcano  | Reached skill level 10 in Shields
  9690 | Lair:3   | Noticed a seven-headed hydra
  9714 | Lair:3   | Killed a nine-headed hydra
  9843 | Lair:3   | Noticed a five-headed hydra
  9860 | Lair:3   | Killed a seven-headed hydra
 10667 | Lair:4   | Reached XP level 13. HP: 94/108 MP: 1/1
 10808 | Lair:4   | Found a staircase to the Shoals.
 11165 | Lair:5   | Reached ***** piety under Makhleb
 11409 | Lair:5   | Found a viscous altar of Jiyva.
 11409 | Lair:5   | Found a staircase to the Slime Pits.
 11666 | Lair:6   | Entered Level 6 of the Lair of Beasts
 11680 | Lair:6   | Reached skill level 10 in Evocations
 11730 | Lair:6   | Reached skill level 14 in Axes
 12437 | D:11     | You fall into a shaft and drop 3 floors!
 12437 | D:14     | Noticed Jorgrun
 12463 | D:14     | Killed Jorgrun
 12605 | D:14     | Found a frozen archway.
 12624 | IceCv    | Entered an ice cave
 12689 | D:14     | Noticed Nessos
 12702 | D:14     | Killed Nessos
 12932 | D:13     | Reached skill level 15 in Axes
 12991 | D:12     | Found a staircase to the Orcish Mines.
 13201 | D:12     | Gained mutation: You resist negative energy. (rN+) [Deep
                  | Dwarf growth]
 13201 | D:12     | Reached XP level 14. HP: 76/117 MP: 3/3
 13333 | D:12     | Found a viscous altar of Jiyva.
 13398 | D:12     | Noticed a fire giant
 13404 | D:12     | Reached ****** piety under Makhleb
 13423 | D:12     | Killed a fire giant
 13423 | D:12     | Reached skill level 10 in Fighting
 13447 | D:12     | Noticed a tengu reaver
 13469 | D:12     | Killed a tengu reaver
 13661 | Orc:1    | Entered Level 1 of the Orcish Mines
 13854 | Orc:2    | Entered Level 2 of the Orcish Mines
 13873 | Orc:2    | Noticed a stone giant
 13892 | Orc:2    | Killed a stone giant
 13972 | Orc:2    | Found a roughly hewn altar of Beogh.
 14016 | Orc:2    | Found a staircase to the Elven Halls.
 14238 | Orc:2    | Found Sorphaah's Weapon Emporium.
 14238 | Orc:2    | Found Moalehawk's Antique Armour Shoppe.
 14243 | Orc:2    | Found Goff's Book Shoppe.
 14295 | Orc:2    | Found Daesouve's Antique Weapon Emporium.
 14682 | D:7      | Bought a +6 ring of protection for 936 gold pieces
 14682 | D:7      | Bought the ring of Life {rElec Int+6} for 870 gold pieces
 14825 | Snake:1  | Entered Level 1 of the Snake Pit
 14911 | Snake:1  | Reached skill level 16 in Axes
 15590 | Snake:2  | Reached XP level 15. HP: 95/126 MP: 5/5
 15687 | Snake:2  | Noticed Aizul
 15732 | Snake:2  | Annihilated by Aizul

Levels and vault maps discovered:
D:1:      shiori_shiawase, layout_loops_ring, minmay_misc_feat_diagonals
D:2:      layout_rooms, nicolae_overflow_hidden_temple,
          minmay_misc_feat_more_columns
D:3:      layout_loops_corners, grunt_temple_overflow_open, first_ration
D:4:      layout_basic, dancing_weapons_uskayaw, minmay_temple_entry_trees,
          uniq_duvessa, uniq_ijyb
D:5:      layout_basic, serial_rivers, chequers_serial_rivers_micro_b,
          chequers_serial_rivers_marsh, chequers_serial_rivers_small_a,
          chequers_serial_rivers_micro_e, chequers_serial_rivers_small_3,
          uniq_menkaure
D:6:      layout_basic, uniq_edmund, uniq_blork_the_orc, uniq_eustachio
D:7:      layout_loops_corners, makhleb_grotto_becter, serial_shops,
          shop_fountains
D:8:      layout_basic, gammafunk_ghost_grave, uniq_pikel
D:9:      minmay_bubble_buster, layout_basic, hangedman_fish_farm, st_stairs_7
D:10:     layout_basic, minmay_lair_entry_grove,
          lemuel_mausoleum_altar_kikubaaqudgha
D:11:     layout_cross, feat_on_display
D:12:     thingy_vault, layout_rooms, orc_0_dummy, jiyva_altar_1
D:13:     layout_cave_pods, skrybe_vaults_entry_preservation,
          nicolae_water_bricks
D:14:     layout_irregular_city, grunt_decor_mini_mirrors, portal_ice_cave_rime,
          kennysheep_generic_room_15, uniq_jorgrun, uniq_nessos
Temple:   minmay_temple_bridge_d
Lair:1:   layout_chaotic_city, basic_altar, grunt_megastairs_3
Lair:2:   layout_regular_city, minmay_lair_oklob_chamber
Lair:3:   layout_roguey, minmay_snake_entry_spellcaster,
          nicolae_volcano_entry_vermiform, chequers_serial_rivers_micro_a,
          grunt_megastairs_5
Lair:4:   layout_gridlike, elwin_shoals_entry_rocks, minmay_stone_trees_small
Lair:5:   layout_regular_city, slime_altar_1, lemuel_fruit_fields
Lair:6:   grunt_lair_end_beastmaster, layout_regular_city, disabler_island,
          serial_bayou_shore_b, lemuel_fruit_fields, serial_bayou_shore_b
Snake:1:  layout_basic, drop_trap
Snake:2:  layout_cave_town, uniq_aizul
Orc:1:    layout_caves
Orc:2:    st_orc_mages, layout_diamond_mine, basic_altar

Skill      XL: |  1  2  3  4  5  6  7  8  9 10 11 12 13 14 |
---------------+-------------------------------------------+-----
Fighting       | 3 4 5 6 7 8 9 10 | 10.8
Axes           | 3 4 5 6 8 9 11 12 13 15 16 | 16.6
Armour         | 4 5 6 7 8 9 10 11 12 | 12.6
Shields        | 4 5 6 7 8 9 10 11 12 | 12.5
Evocations     | 3 5 8 9 11 12 | 12.7
Invocations    | 3 5 6 |  6.0

Action                   |  1- 3 |  4- 6 |  7- 9 | 10-12 | 13-15 || total
-------------------------+-------+-------+-------+-------+-------++-------
Melee: War axe           |   100 |   160 |   466 |   161 |       ||   887
       Broad axe         |       |       |       |   753 |   899 ||  1652
Invok: Lesser Servant of |       |       |       |     7 |       ||     7
       Minor Destruction |       |       |       |     2 |       ||     2
 Abil: Heal Wounds       |     1 |     8 |    19 |    15 |     7 ||    50
Evoke: Wand              |       |       |       |    13 |     8 ||    21
       Box of beasts     |       |       |       |       |     2 ||     2
  Use: Scroll            |       |       |       |    28 |     3 ||    31
       Potion            |       |       |       |    10 |     2 ||    12
 Stab: Paralysed         |       |       |       |    10 |       ||    10
       Distracted        |       |       |       |     1 |       ||     1
       Petrified         |       |       |       |       |     2 ||     2
  Eat: Chunk             |       |     2 |    11 |    21 |    17 ||    51
       Ration            |       |       |     2 |       |       ||     2
Armor: Scale mail        |    47 |    91 |     1 |       |       ||   139
       Plate armour      |       |       |   241 |   386 |       ||   627
       Chain mail        |       |       |    22 |    87 |   421 ||   530
Dodge: Dodged            |    46 |    80 |    89 |   190 |   208 ||   613
Block: Shield            |    57 |   108 |   316 |   606 |   606 ||  1693
